 Dungeon Crawl Stone Soup version 0.18-a0-119-g02a7081 (webtiles) character file.

1295 Proton the Cudgeler (level 8, -1/51 HPs)
             Began as a Gargoyle Fighter on Nov 19, 2015.
             Was a Follower of Cheibriados.
             Slain by a jackal (2 damage)
             ... on level 5 of the Dungeon.
             The game lasted 00:10:13 (5251 turns).

Proton the Cudgeler (Gargoyle Fighter)              Turns: 5251, Time: 00:10:13

Health: -1/51      AC: 17    Str: 23    XL:     8   Next: 56%
Magic:  18/18      EV:  6    Int: 12    God:    Cheibriados [*.....]
Gold:   278        SH: 12    Dex: 11    Spells: 0 memorised, 7 levels left

rFire  . . .     SeeInvis .     z - +0 whip
rCold  . . .     Clarity  .     t - +0 chain mail
rNeg   + . .     SustAt   .     b - +2 shield
rPois  ∞         Gourm    .     (no helmet)
rElec  +         Spirit   .     i - +0 cloak
rCorr  .         Warding  .     (no gloves)
rMut   .         Stasis   .     n - +0 pair of boots
MR     .....                    (no amulet)
Stlth  ..........               (no ring)
                                r - ring of magical power

@: about to teleport, very slow, not resistant to hostile enchantments,
extremely unstealthy
A: negative energy resistance 1, electricity resistance, unbreathing,
petrification resistance, rot immunity, AC +5
a: Bend Time, Renounce Religion


You were on level 5 of the Dungeon.
You worshipped Cheibriados.
Cheibriados was aware of your devotion.
You were very hungry.

You visited 2 branches of the dungeon, and saw 7 of its levels.

You collected 278 gold pieces.

Inventory:

Hand Weapons
 z - a +0 whip (weapon)
Armour
 b - a +2 shield (worn)
 i - a +0 cloak (worn)
 n - a +0 pair of boots (worn)
 t - a +0 chain mail (worn)
Jewellery
 r - a ring of magical power (left hand)
Scrolls
 a - a scroll of identify
 f - a scroll of random uselessness {unknown}
 g - a scroll of remove curse
 k - a scroll of amnesia {unknown}
 l - a scroll of recharging
 m - a scroll of enchant weapon {unknown}
 o - 2 scrolls of fog
 p - a scroll of fear
 u - a scroll of immolation {unknown}
Potions
 c - a potion of flight {unknown}
 d - a potion of might
 j - 3 potions of brilliance
 q - a potion of curing
 s - a potion of ambrosia
 x - a potion of cure mutation
Comestibles
 e - 3 bread rations


   Skills:
 + Level 5.7 Fighting
 * Level 6.4 Maces & Flails
 + Level 5.9 Armour
 + Level 5.8 Shields
 + Level 2.0 Invocations


You had 7 spell levels left.
You didn't know any spells.

Dungeon Overview and Level Annotations

Branches:
Dungeon (6/15)             Temple (1/1) D:4

Altars:
Ashenzari
Cheibriados
Dithmenos
Elyvilon
Fedhas
Gozag
Kikubaaqudgha
Makhleb
Nemelex Xobeh
Okawaru
Ru
Sif Muna
Trog
Vehumet
Xom
Yredelemnul
Zin
The Shining One

Annotations:
D:5 twist's ghost, amateur DrTm


Innate Abilities, Weirdness & Mutations

You are resistant to torment.
Your stone body is resilient (AC +5).
You are immune to poison.
You resist negative energy.
You are resistant to electric shocks.
You can survive without breathing.
You are immune to petrification.
You are immune to rotting.


Message History

The giant frog hits you but does no damage.
You block the orc's attack. The hound bites you.
* * * LOW HITPOINT WARNING * * *
You block the jackal's attack.
The shadow imp hits you but does no damage.
The jackal bites you but does no damage.
You hit the shadow imp but do no damage.
The shadow imp is almost dead.
The jackal closely misses you. You block the jackal's attack.
The giant frog hits you but does no damage.
The hound bites you but does no damage. You block the jackal's attack.
The orc hits you but does no damage. You block the jackal's attack.
The jackal barely misses you. You block the shadow imp's attack.
You hit the shadow imp but do no damage.
The shadow imp is almost dead.
The jackal bites you but does no damage.
The giant frog hits you but does no damage.
You block the hound's attack. You block the jackal's attack.
You block the jackal's attack. The jackal bites you.
You die...

...#.........#
...#........(#
...#.........#
...#.........##
...#..........#
####.........##
...........########
....###.##..>..hoh#
.........#.....5@F#
##..###........hhh#
#....#.##........#
#..#...##........#
##.#..############
#.#..###
#.#....########
###.#.#.........#
....#.#.........#


You could see a giant frog, a hound, a shadow imp, an orc and 4 jackals.

Vanquished Creatures
  Menkaure (D:5)
  8 ogres
  A crimson imp (D:5)
  2 hounds (D:4)
  An orc priest (D:4)
  A giant frog zombie (D:5)
  A centaur skeleton (D:5)
  2 orc wizards
  4 worker ants
  A hound skeleton (D:4)
  A worker ant zombie (D:5)
  2 shadow imps (D:5)
  6 adders
  An adder skeleton (D:4)
  3 giant geckos
  7 orcs
  A ball python (D:3)
  6 bats
  2 giant cockroaches
  12 goblins
  11 hobgoblins
  9 kobolds
  2 quokkas
  7 jackals
  3 rats
95 creatures vanquished.

Notes
Turn   | Place    | Note
--------------------------------------------------------------
     0 | D:1      | Proton the Gargoyle Fighter began the quest for the Orb.
     0 | D:1      | Reached XP level 1. HP: 14/14 MP: 1/1
   200 | D:1      | Reached XP level 2. HP: 19/19 MP: 2/2
   670 | D:1      | Reached XP level 3. HP: 23/23 MP: 3/3
  1424 | D:2      | Reached XP level 4. HP: 26/29 MP: 4/4
  1568 | D:2      | Reached skill level 4 in Shields
  1912 | D:3      | Found a faded altar to an unknown god.
  2003 | D:4      | Noticed an ogre
  2072 | D:4      | Reached XP level 5. HP: 22/33 MP: 5/5
  2085 | D:4      | Found a sparkling altar of Nemelex Xobeh.
  2094 | D:4      | Noticed an ogre
  2185 | D:4      | Noticed an ogre
  2288 | D:5      | Entered Level 5 of the Dungeon
  2359 | D:5      | Found a sacrificial altar of Ru.
  2683 | D:5      | Reached XP level 6. HP: 37/39 MP: 6/6
  2764 | D:5      | Noticed twist's ghost (amateur DrTm)
  2785 | D:4      | Found a basalt altar of Yredelemnul.
  3100 | D:4      | Found a shattered altar of Ashenzari.
  3129 | D:4      | Found a staircase to the Ecumenical Temple.
  3136 | Temple   | Entered the Ecumenical Temple
  3223 | Temple   | Became a worshipper of Cheibriados the Contemplative
  3321 | D:5      | Reached XP level 7. HP: 25/44 MP: 7/7
  3471 | D:4      | Reached skill level 5 in Armour
  3471 | D:4      | Reached skill level 5 in Shields
  3686 | D:4      | Reached skill level 5 in Fighting
  3858 | D:4      | Reached skill level 5 in Maces & Flails
  4565 | D:5      | Reached XP level 8. HP: 50/50 MP: 8/8
  4625 | D:5      | Reached * piety under Cheibriados
  4689 | D:5      | Noticed Menkaure
  4695 | D:5      | Reached skill level 1 in Invocations
  4711 | D:5      | Killed Menkaure
  4711 | D:5      | Reached skill level 6 in Maces & Flails
  5243 | D:5      | HP: 2/51 [shadow imp/nerve-wracking pain (6)]
  5249 | D:5      | HP: 1/51 [hound (2)]
  5251 | D:5      | Slain by a jackal

Vault maps used:
D:1:      dpeg_arrival_three_same_balls
D:2:      serial_bayou_lake_a
D:3:      ecumenical_altar_1, first_bread
D:4:      nemelex_deck, yredelemnul_altar_generic, minmay_temple_entry_fiery,
          roderic_whirl, ashenzari_altar_1
D:5:      minmay_misc_feat_rows, minivault_25,
          nicolae_ru_great_annihilating_truth, uniq_menkaure
Temple:   lightli_temple_of_artemis

Action                   |  1- 3 |  4- 6 |  7- 9 || total
-------------------------+-------+-------+-------++-------
Melee: Flail             |   149 |   207 |    44 ||   400
       Whip              |       |       |   159 ||   159
  Use: Scroll            |       |       |    11 ||    11
 Stab: Invisible         |       |     1 |       ||     1
  Eat: Beef jerky        |     1 |       |       ||     1
       Meat ration       |       |     2 |       ||     2
       Pizza             |       |       |     1 ||     1
